Map: Beckett Industries LE

Players

Pumba - Winner!

  • Race: Protoss Protoss
  • League: Silver
  • Spawn Location: 1:00

Grunter

  • Race: Protoss Protoss
  • League: Silver
  • Spawn Location: 7:00

VOD

Have the link to the VOD?

Description

Time

  • Played on: Feb. 1, 2022, 4:27 p.m.
  • Length: 9:20
Show
View Real Time Build Order
Export as new Build Order

Pumba Protoss - Winner!

Build Orders: 1 Gate Expand, Zealot Archon 

Get SALT Encoding   

  12  0:01  Probe  
  13  0:13  Probe  
  14  0:21  Pylon  
  14  0:25  Probe  
  15  0:39  Probe (Chrono Boost)  
  15  0:40  Gateway  
  16  0:49  Assimilator  
  17  0:50  Probe (Chrono Boost)  
  17  0:55  Probe (Chrono Boost)  
  18  1:05  Probe  
  19  1:18  Probe  
  20  1:27  Nexus  
  20  1:43  Cybernetics Core, Probe  
  21  1:48  Assimilator  
  21  1:55  Probe  
  21  1:59  Pylon  
  22  2:11  Warp Gate, Probe  
  23  2:18  Stalker (Chrono Boost)  
  25  2:24  Probe  
  26  2:40  Probe (Chrono Boost)  
  26  2:42  Stalker  
  30  2:45  Probe (Chrono Boost)  
  30  2:49  Probe (Chrono Boost)  
  30  2:50  Robotics Facility  
  31  2:53  Probe (Chrono Boost)  
  31  2:54  Probe (Chrono Boost)  
  33  3:04  Probe  
  34  3:07  Gateway x2  
  34  3:10  Probe (Chrono Boost)  
  35  3:15  Stalker  
  35  3:19  Probe (Chrono Boost)  
  38  3:22  Probe (Chrono Boost)  
  38  3:26  Pylon  
  39  3:30  Probe (Chrono Boost)  
  39  3:31  Probe (Chrono Boost), Pylon  
  41  3:37  Observer  
  42  3:41  Probe x2  
  44  3:53  Probe x2  
  46  3:55  Immortal (Chrono Boost)  
  50  4:08  Probe x2  
  52  4:10  Stalker  
  52  4:11  Stalker x2  
  58  4:20  Probe x2, Pylon  
  60  4:24  Twilight Council  
  60  4:27  Assimilator  
  60  4:29  Assimilator  
  60  4:36  Pylon  
  60  4:43  Pylon  
  60  4:55  Probe  
  60  4:56  Pylon  
  61  5:26  Charge (Chrono Boost)  
  61  5:32  Gateway  
  61  5:33  Gateway x2  
  61  5:38  Gateway  
  61  5:40  Gateway  
  61  5:42  Gateway  
  61  5:45  Gateway  
  61  5:49  Immortal (Chrono Boost)  
  61  5:50  Zealot x3, Templar Archives  
  61  5:54  Pylon  
  71  6:02  Pylon  
  71  6:04  Pylon  
  71  6:13  Zealot x2  
  71  6:14  Zealot  
  71  6:18  Warp Prism (Chrono Boost)  
  79  6:39  Zealot x9  
  97  7:11  Pylon  
  97  7:13  High Templar x9, Pylon  
  97  7:15  Pylon  
  115  7:17  Archon x4  
  107  7:46  Zealot x7  
  107  7:47  Zealot x3  
  125  7:56  Observer  
  125  8:09  Zealot x2  
  125  8:10  Zealot x6  
  125  8:26  Pylon  
  125  8:27  Pylon  
  125  8:28  Pylon x2  
  125  8:33  Pylon  
  125  8:36  Pylon  
Show
View Real Time Build Order
Export as new Build Order

Grunter Protoss 

Build Orders:  

Get SALT Encoding   

  12  0:01  Probe  
  13  0:17  Pylon  
  13  0:22  Probe (Chrono Boost)  
  14  0:33  Probe (Chrono Boost)  
  15  0:37  Probe (Chrono Boost)  
  15  0:41  Gateway  
  16  0:48  Probe  
  17  0:59  Forge  
  17  1:08  Pylon  
  17  1:37  Zealot  
  19  1:51  Probe  
  19  1:53  Nexus  
  20  2:02  Photon Cannon  
  20  2:16  Photon Cannon  
  20  2:20  Zealot  
  22  2:33  Gateway  
  22  2:41  Cybernetics Core  
  22  2:43  Probe  
  23  2:47  Pylon  
  23  2:56  Probe (Chrono Boost)  
  23  2:58  Pylon  
  25  3:06  Probe (Chrono Boost), Assimilator  
  25  3:10  Assimilator  
  25  3:11  Probe (Chrono Boost)  
  25  3:19  Pylon  
  28  3:20  Zealot  
  28  3:25  Zealot  
  30  3:28  Probe (Chrono Boost)  
  31  3:38  Probe (Chrono Boost)  
  32  3:44  Probe (Chrono Boost)  
  32  3:45  Probe (Chrono Boost)  
  36  3:56  Probe (Chrono Boost)  
  36  3:57  Photon Cannon  
  36  3:58  Probe (Chrono Boost)  
  36  4:01  Probe (Chrono Boost)  
  37  4:06  Photon Cannon, Probe (Chrono Boost)  
  38  4:11  Pylon  
  39  4:18  Probe (Chrono Boost)  
  39  4:24  Probe (Chrono Boost)  
  39  4:25  Zealot x2  
  44  4:32  Probe  
  44  4:34  Photon Cannon  
  45  4:44  Probe  
  45  4:45  Twilight Council  
  46  4:52  Zealot x2  
  50  4:54  Probe (Chrono Boost)  
  51  5:05  Probe (Chrono Boost)  
  53  5:07  Probe (Chrono Boost)  
  53  5:08  Assimilator  
  53  5:09  Probe (Chrono Boost)  
  53  5:10  Assimilator  
  54  5:15  Probe  
  55  5:21  Charge  
  55  5:25  Probe  
  55  5:27  Probe  
  57  5:33  Zealot x2  
  61  5:38  Probe  
  61  5:39  Probe  
  63  5:50  Probe  
  63  5:51  Probe  
  65  6:00  Zealot x2  
Tags
 
Add a new tag
Caveats
  • Supply blocks, unpowered buildings, or Contaminate may cause inaccurate times.
  • Supply counts are checked every 10 seconds.